 Dungeon Crawl Stone Soup version 0.32-a0-411-g744942f433 (webtiles) character file.

Game seed: 15081961640567658627

69 Neon14 the Covered (level 4, -1/40 HPs)
             Began as a Minotaur Fighter on Feb 20, 2024.
             Slain by a gnoll
             ... wielding a +0 spear
              (3 damage)
             ... on level 2 of the Dungeon.
             The game lasted 00:01:30 (587 turns).

Neon14 the Covered (Minotaur Fighter)                Turns: 587, Time: 00:01:31

Health: -1/40      AC:  7    Str: 22    XL:     4   Next: 2%
Magic:  3/3        EV:  9    Int:  5    God:
Gold:   51         SH:  4    Dex: 10    Spells: 3/3 levels left

rFire   . . .        a - +0 war axe
rCold   . . .        c - +0 buckler
rNeg    . . .        b - +0 scale mail
rPois   +            (helmet restricted)
rElec   .            (no cloak)
rCorr   .            (no gloves)
SInv    .            (no boots)
Will    .....        (no amulet) Stlth
                     g - ring of poison resistance
HPRegen 0.26/turn    (no ring)
MPRegen 0.08/turn

%: no passive effects
@: mighty
A: horns 2, retaliatory headbutt
a: no special abilities


You were on level 2 of the Dungeon.
You visited 1 branch of the dungeon, and saw 2 of its levels.

You collected 51 gold pieces.

Inventory:

Hand Weapons
 a - a +0 war axe (weapon)
Armour
 b - a +0 scale mail (worn)
 c - a +0 buckler (worn)
Jewellery
 g - a ring of poison resistance (left hand)
Talismans
 j - a beast talisman
Scrolls
 e - a scroll of poison {unknown}
 f - a scroll of blinking {unknown}
 h - a scroll of enchant weapon {unknown}
 i - a scroll of enchant armour {unknown}
 k - a scroll of amnesia {unknown}
 l - a scroll of fog {unknown}
 m - a scroll of teleportation {unknown}


   Skills:
 + Level 4.0 Fighting
 + Level 3.5 Axes
 + Level 4.4 Armour
 + Level 0.2 Dodging
 + Level 4.2 Shields


You had 3 spell levels left.
You didn't know any spells.
Your spell library contained the following spells:

 Spells                   Type           Power      Damage    Failure   Level
 Iskenderun's Battlesphe  Conj           0%         2d6       100%        5
 Bombard                  Conj/Erth      0%         9d1       100%        6
 Spellforged Servitor     Conj/Summ      0%         N/A       100%        7


Dungeon Overview and Level Annotations

Branches:
Dungeon (2/15)

Altars:


Innate Abilities, Weirdness & Mutations

You have a pair of horns on your head.
You reflexively headbutt those who attack you in melee.


Message History

You hit the rat but do no damage. Your headbutt misses the rat.
The rat bites you but does no damage. The gnoll barely misses you.
The rat barely misses you. You furiously retaliate!
You headbutt the rat, but do no damage. The gnoll hits you with a +0 flail.
You completely miss the gnoll. Your headbutt misses the gnoll. You hit the rat.
The gnoll hits you with a +0 flail!
* * * LOW HITPOINT WARNING * * *
You block the gnoll's attack. The rat bites you but does no damage.
You are too injured to fight recklessly!
You are too injured to fight recklessly!
You are too injured to fight recklessly!
You are too injured to fight recklessly!
You are too injured to fight recklessly!
You are too injured to fight recklessly!
You are too injured to fight recklessly!
You are too injured to fight recklessly!
You are too injured to fight recklessly!
You are too injured to fight recklessly!
You are too injured to fight recklessly!
You are too injured to fight recklessly!
You are too injured to fight recklessly!
You are too injured to fight recklessly!
You feel very mighty all of a sudden. The gnoll hits you but does no damage.
The gnoll barely misses you. The rat bites you but does no damage.
The gnoll attacks as it pursues you! The gnoll hits you with a +0 flail!
* * * LOW HITPOINT WARNING * * *
The rat attacks as it pursues you! The rat closely misses you.
You barely miss the gnoll. You barely miss the rat.
The rat bites you but does no damage. The gnoll barely misses you.
You furiously retaliate!
You headbutt the gnoll!!
You kill the gnoll!
Your Fighting skill increases to level 4!
You have reached level 4!
You feel agile. You block the rat's attack. You block the gnoll's attack.
You see here a +0 flail.
You barely miss the gnoll. You closely miss the rat. The rat misses you.
The gnoll hits you with a +0 spear.
You die...

#.#....###.....###
#^#.#### #.....#
#.#.# #######
#.#.# #.#.# #.#.#
###.#.#
##.##.)r.†#
......g@..#
..........#
...##.....# ..
#?....# . #######


You could see a gnoll and a rat.

Vanquished Creatures
  3 gnolls (D:2)
  2 dart slugs
  2 bats
  A goblin (D:1)
  3 hobgoblins (D:1)
  A quokka (D:1)
  3 frilled lizards (D:1)
  5 kobolds
  2 rats (D:1)
22 creatures vanquished.

Notes
Turn   | Place    | Note
-------+----------+-------------------------------------------
     0 | D:1      | Neon14 the Minotaur Fighter began the quest for the Orb.
     0 | D:1      | Reached XP level 1. HP: 19/19 MP: 0/0
    75 | D:1      | Reached XP level 2. HP: 25/26 MP: 1/1
   410 | D:1      | Reached XP level 3. HP: 33/33 MP: 2/2
   584 | D:2      | HP: 1/33 [gnoll/+0 flail (9)]
   586 | D:2      | Reached XP level 4. HP: 2/40 MP: 3/3
   587 | D:2      | Slain by a gnoll

Illustrated notes

Levels and vault maps discovered:
D:1:      amcnicky_arrival_underground_garden, layout_rooms,
          minmay_misc_feat_plants, minmay_hedge_maze, kennysheep_nondescript
D:2:      layout_loops_ring, minmay_pentomino_s2

Skill      XL: |  1  2  3 |
---------------+----------+-----
Armour         | 4 |  4.4
Axes           | 3 |  3.5
Shields        | 4 |  4.2
Fighting       | 4 |  4.0
Dodging        | |  0.2

Action                     |  1- 3 |  4- 6 || total
---------------------------+-------+-------++-------
  Melee: War axe           |    71 |     1 ||    72
         Headbutt          |    12 |       ||    12
    Use: Potion            |     1 |       ||     1
 Armour: Scale mail        |    50 |     1 ||    51
  Dodge: Dodged            |    27 |     1 ||    28
  Block: Buckler           |    15 |     2 ||    17

Table legend: (Time is in decaauts)
 A = Elapsed time spent in this place.
 B = Non-inter-level travel time spent in this place.
 C = Inter-level travel time spent in this place.
 D = Time resting spent in this place.
 E = Time spent auto-exploring this place.
 F = Levels seen in this place.
 G = Mean time per level.
                   A        B        C        D        E       F      G
               +--------+--------+--------+--------+--------+-----+--------+
         Total |    613 |    595 |     18 |      0 |    412 |   2 |  306.5 |
       Dungeon |    613 |    595 |     18 |      0 |    412 |   2 |  306.5 |
               +--------+--------+--------+--------+--------+-----+--------+

Top non-repeatable levels by time:
     D:1: 554 daAuts
     D:2: 58 daAuts
